Map: Rorschach LE

Players

Altik

  • Race: Protoss Protoss
  • League: Diamond

Ozhey - Winner!

  • Race: Terran Terran
  • League: Diamond

VOD

Have the link to the VOD?

Description

Time

  • Played on: Aug. 4, 2026, 3:52 p.m.
  • Length: 20:03
Show
View Real Time Build Order
Export as new Build Order

Altik Protoss 

Build Orders:  

Get SALT Encoding   

  8  0:00  Probe  
  9  0:12  Probe (Chrono Boost)  
  11  0:22  Probe (Chrono Boost)  
  11  0:27  Probe (Chrono Boost)  
  12  0:36  Pylon  
  12  0:39  Probe  
  13  0:54  Probe  
  13  0:55  Gateway  
  14  1:04  Assimilator  
  14  1:06  Probe (Chrono Boost)  
  15  1:15  Probe (Chrono Boost)  
  16  1:20  Probe (Chrono Boost)  
  17  1:32  Probe  
  18  1:39  Pylon  
  18  1:42  Cybernetics Core  
  18  1:44  Probe  
  19  1:59  Probe  
  20  2:15  Nexus  
  20  2:22  Stalker  
  22  2:30  Warp Gate  
  22  2:38  Probe  
  22  2:49  Stalker  
  22  2:50  Assimilator  
  24  2:54  Probe  
  25  3:08  Pylon  
  25  3:10  Probe  
  26  3:22  Probe  
  26  3:27  Robotics Facility  
  27  3:31  Probe  
  28  3:38  Probe  
  28  3:40  Zealot  
  31  3:47  Probe  
  32  3:48  Pylon  
  32  3:53  Probe (Chrono Boost), Shield Battery  
  33  4:01  Probe (Chrono Boost)  
  34  4:06  Probe (Chrono Boost)  
  36  4:11  Probe (Chrono Boost)  
  36  4:12  Sentry  
  36  4:13  Observer  
  36  4:14  Probe (Chrono Boost)  
  40  4:28  Probe (Chrono Boost)  
  40  4:29  Gateway  
  40  4:30  Gateway, Probe (Chrono Boost)  
  42  4:33  Twilight Council  
  43  4:40  Probe (Chrono Boost)  
  43  4:41  Probe (Chrono Boost)  
  43  4:44  Assimilator  
  44  4:46  Assimilator  
  44  4:48  Probe (Chrono Boost)  
  44  4:49  Probe (Chrono Boost)  
  44  4:52  Sentry  
  48  4:54  Probe (Chrono Boost)  
  48  4:55  Probe  
  48  4:58  Pylon  
  50  5:03  Pylon  
  50  5:05  Probe  
  51  5:07  Probe  
  52  5:17  Probe  
  52  5:19  Probe  
  54  5:22  Zealot x2  
  54  5:23  Charge (Chrono Boost)  
  58  5:36  Probe  
  58  5:41  Immortal, Forge  
  63  5:43  Forge  
  63  5:46  Probe  
  64  5:55  Zealot x2  
  64  5:56  Zealot  
  70  6:01  Pylon  
  70  6:14  Protoss Ground Weapons Level 1 (Chrono Boost)  
  70  6:15  Protoss Ground Armor Level 1 (Chrono Boost)  
  70  6:16  Nexus  
  70  6:27  Robotics Bay  
  70  6:30  Robotics Facility  
  70  6:33  Immortal  
  70  6:35  Probe  
  70  6:36  Probe  
  76  6:45  Zealot  
  76  6:46  Zealot x2  
  82  6:55  Pylon  
  82  6:57  Pylon  
  82  7:08  Probe x2  
  80  7:14  Zealot  
  80  7:15  Zealot x2  
  72  7:18  Extended Thermal Lance (Chrono Boost)  
  72  7:19  Colossus  
  76  7:28  Photon Cannon  
  76  7:36  Sentry x2  
  80  7:38  Zealot (Chrono Boost), Photon Cannon  
  82  7:46  Pylon  
  82  7:53  Zealot (Chrono Boost)  
  82  7:58  Zealot x2 (Chrono Boost)  
  88  8:07  Shield Battery  
  88  8:09  Colossus (Chrono Boost)  
  94  8:26  Zealot x3  
  104  8:35  Probe x2  
  104  8:38  Immortal (Chrono Boost)  
  104  8:39  Zealot  
  108  8:53  Stalker x2  
  108  8:54  Zealot  
  114  8:58  Pylon  
  114  9:01  Pylon, Colossus (Chrono Boost)  
  114  9:03  Disruptor (Chrono Boost)  
  100  9:13  Zealot x3  
  90  9:19  Protoss Ground Weapons Level 2 (Chrono Boost), Protoss Ground Armor Level 2 (Chrono Boost)  
  86  9:27  Stalker  
  86  9:30  Gateway  
  88  9:31  Gateway  
  88  9:34  Probe x2  
  88  9:36  Colossus  
  96  9:53  Stalker x3  
  96  9:57  Disruptor  
  106  10:02  Probe x3  
  109  10:14  Probe x2  
  95  10:30  Colossus  
  101  10:36  Zealot x3  
  101  10:37  Zealot x2  
  111  10:47  Nexus  
  111  10:48  Pylon  
  111  10:49  Colossus  
  117  10:51  Blink  
  117  10:56  Gateway  
  117  10:57  Gateway  
  117  11:00  Pylon, Gateway x2  
  117  11:01  Pylon, Probe x2  
  117  11:02  Probe  
  120  11:04  Assimilator  
  120  11:06  Pylon  
  120  11:09  Assimilator  
  120  11:15  Templar Archives  
  120  11:28  Photon Cannon  
  120  11:30  Shield Battery  
  120  11:31  Assimilator  
  118  11:34  Probe x2  
  118  11:35  Probe, Stalker x2  
  118  11:36  Stalker, Assimilator  
  118  11:38  Zealot x2  
  131  11:43  Pylon  
  131  11:49  Observer  
  131  11:50  Observer  
  131  11:52  Protoss Ground Weapons Level 3, Protoss Ground Armor Level 3  
  133  11:55  Gravitic Boosters  
  133  12:01  Probe x3  
  133  12:02  Probe  
  135  12:10  Zealot x3  
  135  12:12  Disruptor x2  
  149  12:28  Zealot x3  
  149  12:29  Zealot x5  
  164  12:49  Immortal x2  
  172  12:54  Pylon  
  172  13:01  Pylon  
  120  13:27  Warp Prism  
  120  13:29  Colossus  
  120  13:31  Psionic Storm, Zealot x3  
  120  13:32  Zealot x6  
  146  13:45  Probe x3  
  149  13:55  Gravitic Drive  
  149  14:00  Nexus  
  149  14:01  Pylon  
  149  14:03  Colossus  
  149  14:06  High Templar x6  
  149  14:07  High Templar  
  149  14:09  Zealot x2  
  173  14:10  Archon x2  
  173  14:11  Archon  
  171  14:35  Gateway  
  171  14:37  Gateway  
  171  14:39  Gateway  
  171  14:41  Gateway  
  171  14:43  Photon Cannon, Gateway  
  171  14:45  Shield Battery  
  171  14:47  Protoss Shields Level 1, Photon Cannon  
  171  14:50  Pylon  
  171  15:02  Stargate  
  171  15:05  Stargate  
  133  15:44  Zealot x9  
  129  16:08  Colossus x2  
  141  16:11  Probe  
  141  16:12  Probe  
  141  16:15  Pylon  
  141  16:17  Pylon  
  143  16:36  High Templar  
  143  16:37  High Templar  
  143  16:38  Zealot x4  
  155  16:42  Assimilator  
  155  16:48  Assimilator  
  155  16:53  Nexus  
  155  16:59  Colossus (Chrono Boost)  
  155  17:00  Colossus (Chrono Boost)  
  155  17:05  Protoss Shields Level 2  
  155  17:08  Zealot x10  
  175  17:09  Zealot x2  
  113  17:55  Stalker x4  
  113  17:56  Zealot  
  113  17:57  Zealot x9  
  107  18:18  Zealot x5  
  85  18:31  Immortal x2  
  83  18:46  High Templar x4  
  83  18:47  High Templar x5  
  94  18:48  Zealot x3  
  94  18:49  Zealot x2  
  94  18:53  Archon  
  94  18:54  Archon x3  
Show
View Real Time Build Order
Export as new Build Order

Ozhey Terran - Winner!

Build Orders: Reaper Expand 

Get SALT Encoding   

  8  0:01  SCV  
  10  0:14  SCV  
  10  0:26  SCV  
  11  0:38  SCV  
  11  0:42  Supply Depot  
  12  0:50  SCV  
  13  1:04  SCV  
  14  1:05  Barracks  
  14  1:08  Refinery  
  14  1:16  SCV  
  15  1:28  SCV  
  16  1:40  SCV  
  18  1:55  Reaper  
  18  1:56  Orbital Command  
  18  2:10  Command Center  
  18  2:20  Supply Depot  
  18  2:22  SCV  
  19  2:29  Marine  
  20  2:34  SCV  
  21  2:46  Factory  
  21  2:48  SCV  
  22  2:51  Refinery  
  22  2:53  Barracks Reactor  
  22  3:00  SCV  
  23  3:12  SCV  
  24  3:23  Orbital Command  
  24  3:24  SCV  
  25  3:29  Marine x2  
  25  3:31  Factory Tech Lab  
  25  3:32  Starport  
  27  3:36  SCV  
  28  3:47  Marine x2  
  28  3:48  SCV  
  31  3:53  Siege Tank, SCV  
  35  4:00  SCV  
  36  4:05  Marine x2  
  36  4:06  SCV  
  39  4:11  Supply Depot  
  39  4:13  SCV  
  40  4:23  SCV  
  41  4:24  Command Center  
  41  4:25  Marine  
  42  4:32  Marine  
  42  4:34  Barracks  
  42  4:37  Factory Tech Lab  
  43  4:39  Starport Reactor  
  43  4:40  SCV x2  
  45  4:46  Supply Depot  
  45  4:50  Marine  
  45  4:52  Marine, SCV  
  48  4:56  SCV  
  49  5:03  Engineering Bay  
  49  5:04  SCV  
  50  5:08  Siege Tank  
  50  5:11  SCV  
  54  5:14  Supply Depot  
  54  5:15  Marine x2  
  56  5:26  Marine  
  56  5:27  Stimpack  
  57  5:30  SCV  
  57  5:35  Supply Depot  
  58  5:36  Medivac x2, SCV  
  58  5:37  Marine x2  
  58  5:40  Terran Infantry Weapons Level 1  
  65  5:45  Orbital Command  
  65  5:46  SCV  
  65  5:48  SCV  
  67  5:55  Barracks, Refinery  
  67  5:56  Refinery, Marine  
  68  6:02  SCV  
  68  6:03  SCV, Supply Depot  
  70  6:09  Marine x2  
  72  6:13  SCV  
  72  6:14  SCV  
  72  6:15  SCV  
  72  6:17  Siege Tank  
  78  6:18  Marine  
  79  6:25  SCV  
  79  6:26  SCV  
  79  6:28  Medivac, SCV  
  83  6:37  Orbital Command  
  83  6:39  Marine x3  
  87  6:41  Supply Depot  
  87  6:44  Supply Depot  
  86  6:48  Medivac  
  86  6:50  Siege Tank  
  86  6:51  SCV x2  
  93  6:56  Marine  
  93  6:57  Barracks Tech Lab  
  93  7:00  Armory  
  94  7:03  SCV x2  
  93  7:15  Marine x3  
  86  7:16  Marine  
  86  7:17  Liberator  
  86  7:19  SCV x2  
  86  7:22  Siege Tank  
  97  7:31  Refinery  
  97  7:32  Armory  
  97  7:33  Supply Depot, Marine x4, SCV  
  97  7:34  Terran Infantry Armor Level 1  
  97  7:35  Combat Shield  
  102  7:37  Concussive Shells  
  102  7:43  SCV x2  
  102  7:44  Barracks x2  
  104  7:46  SCV  
  104  7:51  Marine x4  
  106  7:53  Command Center, Medivac  
  106  7:55  SCV  
  112  8:03  Supply Depot  
  112  8:08  Terran Ship Weapons Level 1, Marine  
  112  8:09  Marine x3  
  112  8:10  SCV x3  
  119  8:25  Viking x2, SCV x2  
  119  8:26  Marine x2  
  127  8:37  Barracks Tech Lab  
  127  8:38  Barracks Reactor  
  127  8:42  Supply Depot  
  127  8:43  Supply Depot  
  127  8:44  Supply Depot  
  127  8:50  Starport  
  127  9:00  Engineering Bay  
  127  9:03  Marine x3  
  127  9:04  SCV x2, Siege Tank, Marauder, Terran Vehicle And Ship Armor Level 1, Marine  
  117  9:14  Marine x2  
  109  9:18  Viking, Medivac  
  109  9:21  Marine x2  
  109  9:22  Marauder, Marine  
  117  9:25  Marauder  
  117  9:30  Starport Reactor, Command Center  
  119  9:32  SCV  
  119  9:33  SCV x2  
  119  9:36  Refinery  
  122  9:40  Marauder  
  122  9:42  Terran Infantry Weapons Level 2, Terran Infantry Armor Level 2  
  122  9:43  Marauder  
  122  9:45  SCV x2  
  128  9:46  Marine  
  128  9:47  Marine x4  
  128  9:48  Viking x2  
  137  9:57  Planetary Fortress  
  137  10:02  Marauder, Sensor Tower  
  137  10:03  SCV x3  
  137  10:04  Marine, Marauder  
  137  10:05  Marauder  
  147  10:08  Marine, Widow Mine  
  147  10:09  Marine x2  
  147  10:10  Viking  
  154  10:15  SCV x3  
  138  10:22  Marine  
  138  10:23  Marauder  
  138  10:25  Marine  
  138  10:26  Marine x2  
  138  10:27  Marine, Marauder  
  137  10:31  Siege Tank  
  137  10:32  Viking, Medivac  
  142  10:36  SCV x2  
  142  10:37  SCV x2  
  142  10:40  Marine  
  142  10:41  Refinery  
  147  10:42  Terran Ship Weapons Level 2  
  147  10:43  Refinery  
  147  10:44  Marauder  
  147  10:45  Marauder  
  147  10:48  Marauder, SCV  
  147  10:49  SCV x3  
  157  10:50  Command Center  
  157  11:01  SCV x4  
  161  11:04  Marine x2  
  161  11:05  Marine x2, Marauder  
  161  11:06  Marauder, Viking  
  161  11:07  Medivac, Viking  
  161  11:10  Marauder  
  177  11:19  Supply Depot  
  177  11:21  Terran Vehicle And Ship Armor Level 2, Supply Depot  
  177  11:22  SCV x3, Marine x2  
  177  11:23  Marine x2  
  184  11:26  Marauder  
  184  11:27  Marauder  
  184  11:31  Marauder  
  184  11:32  Barracks  
  190  11:34  Barracks  
  190  11:40  Missile Turret  
  190  11:41  Marine x3  
  190  11:42  Missile Turret x2  
  190  11:44  Missile Turret  
  193  11:47  Marine  
  193  11:48  Marauder  
  193  11:49  Marauder  
  193  11:52  Marauder  
  199  12:08  Marine  
  199  12:09  Barracks  
  199  12:12  Planetary Fortress  
  200  12:16  Refinery  
  200  12:27  Orbital Command  
  200  12:31  Barracks Tech Lab  
  200  12:40  Sensor Tower  
  156  13:16  Marine  
  156  13:17  Marine x4, Marauder x3  
  138  13:26  Siege Tank  
  138  13:27  Viking x2, Medivac x2  
  135  13:29  Terran Infantry Weapons Level 3, Terran Infantry Armor Level 3  
  141  13:34  Terran Ship Weapons Level 3, Marine x2  
  141  13:35  Marine x2  
  141  13:38  Starport, Marauder  
  141  13:39  Marauder x2  
  151  13:43  Terran Vehicle And Ship Armor Level 3  
  151  13:49  SCV x3  
  154  13:56  Command Center, Liberator x2  
  154  13:57  Liberator x2  
  154  13:58  Siege Tank  
  154  14:00  Marauder, Command Center  
  154  14:01  Marine x2  
  154  14:02  Marauder x2, Marine x2  
  177  14:03  Marine  
  177  14:05  Sensor Tower  
  180  14:12  Barracks  
  180  14:19  Marine x2  
  180  14:21  Marauder  
  183  14:27  Starport Reactor  
  183  14:39  Liberator x3, Viking  
  194  15:00  Command Center  
  194  15:09  Liberator  
  194  15:12  Command Center  
  197  15:22  Liberator  
  197  15:34  Marine x2  
  197  15:35  Marauder x2  
  179  15:48  Marine x2  
  179  15:49  Marine, Marauder  
  153  15:52  Marine x2  
  153  15:56  Marauder x2, Barracks Reactor  
  139  16:03  Medivac x2  
  125  16:04  Liberator x2, Medivac  
  125  16:05  Liberator  
  125  16:06  Marine x3  
  125  16:09  Marine  
  125  16:10  Marauder  
  138  16:16  Missile Turret  
  138  16:17  Marine, Missile Turret, Marauder  
  138  16:18  Marauder  
  143  16:21  Planetary Fortress  
  143  16:23  Planetary Fortress  
  143  16:24  Marine x3, SCV x2  
  148  16:27  Marine  
  148  16:32  Marauder  
  151  16:33  Liberator, Medivac  
  151  16:34  Planetary Fortress, Marine  
  151  16:36  Marine x2  
  151  16:39  Marauder x2  
  163  16:41  Refinery  
  163  16:42  Marine x3  
  163  16:44  Refinery  
  163  16:45  Marine  
  163  16:46  Widow Mine  
  169  16:52  Marine  
  169  16:53  Marauder, Marine  
  173  17:00  Marauder  
  175  17:03  Missile Turret  
  175  17:04  Missile Turret  
  175  17:05  Missile Turret  
  175  17:20  Sensor Tower, Liberator x2  
  175  17:21  Medivac x2  
  175  17:22  Medivac  
  187  17:23  Sensor Tower, Widow Mine  
  187  17:24  Marauder x3, Marine x2  
  187  17:25  Neosteel Armor  
  187  17:27  Terran Vehicle Weapons Level 1  
  193  17:48  Marine x5, Marauder x2  
  193  17:49  Marine x3, Siege Tank  
  193  17:50  Liberator  
  197  17:51  Medivac  
  196  18:05  Marine  
  176  18:17  Marine x4  
  176  18:18  Marauder x3, Marine x2  
  178  18:23  Marine  
  174  18:27  Siege Tank  
  174  18:28  Liberator, Medivac x2, Viking x2  
  174  18:32  SCV x2  
  174  18:33  Medivac  
  192  18:35  Marine x5  
  192  18:36  Marine  
  192  18:39  Marauder  
  200  19:09  Marine x2  
  193  19:10  Marine x4, Marauder x3  
  193  19:15  Marine  
Tags
 
Add a new tag
Caveats
  • Supply blocks, unpowered buildings, or Contaminate may cause inaccurate times.
  • Supply counts are checked every 10 seconds.